 Dungeon Crawl Stone Soup version 0.28.0-49-g6dfe1f597d (webtiles) character file.

Game seed: 15870143137804215430

2 hawla the Ducker (level 1, -14/7 HPs)
             Began as a Felid Fire Elementalist on May 12, 2022.
             Demolished by a goblin
             ... wielding a +1 dagger of electrocution
              (20 damage)
             ... on level 1 of the Dungeon.
             The game lasted 00:00:16 (197 turns).

hawla the Ducker (Felid Fire Elementalist)           Turns: 197, Time: 00:00:16

Health: -14/7      AC:  1    Str:  4    XL:     1   Next: 33%
Magic:  4/4        EV: 17    Int: 16    God:
Gold:   0          SH:  0    Dex: 16    Spells: 3/4 levels left
                                        Lives:  0   Deaths: 0

rFire   . . .      SeeInvis +   (weapon unavailable)
rCold   . . .      Faith    .   (shield unavailable)
rNeg    . . .      Spirit   .   (armour unavailable)
rPois   .          Reflect  .   (helmet unavailable)
rElec   .          Harm     .   (cloak unavailable)
rCorr   .          Rampage  .   (gloves unavailable)
Will    .....                   (boots unavailable)
Stlth   ++........              (no amulet)
HPRegen 0.02/turn               (no ring)
MPRegen 0.09/turn               (no ring)

@: quick
A: very small, claws 1, fangs 3, see invisible, speed 1, shaggy fur 1, stealthy
paws, no weapons or thrown items, no armour, multi-lived
a: no special abilities


You were on level 1 of the Dungeon.
You visited 1 branch of the dungeon, and saw 1 of its levels.

You aren't carrying anything.


   Skills:
 + Level 2.8 Dodging
 + Level 2.6 Stealth
 + Level 2.0 Spellcasting
 + Level 0.8 Conjurations
 + Level 2.8 Fire Magic


You had 3 spell levels left.
You knew the following spells:

 Your Spells              Type           Power      Damage    Failure   Level
a - Foxfire               Conj/Fire      28%        2x1d5     10%         1

Your spell library contained the following spells:

 Spells                   Type           Power      Damage    Failure   Level
 Scorch                   Fire           20%        2d6       10%         2
 Conjure Flame            Conj/Fire      7%         6-21      28%         3
 Inner Flame              Hex/Fire       6%         N/A       34%         3
 Flame Wave               Conj/Fire      7%         2d5       67%         4


Dungeon Overview and Level Annotations

Branches:
Dungeon (1/15)

Altars:


Innate Abilities, Weirdness & Mutations

You have sharp claws.
You have razor-sharp teeth.
You have supernaturally acute eyesight. (SInv)
You cover ground quickly. (Speed+)
You are covered in fur. (AC +1)
Your paws help you pounce on unaware monsters.
You are incapable of wielding weapons or throwing items.
You cannot wear armour.
You gain extra lives every three experience levels.


Message History

The frilled lizard hisses angrily.
Casting: Foxfire (safe; 10% risk of failure)
Confirm with . or Enter, or press ? or * to list all spells.
You conjure some foxfire!
The foxfire hits the frilled lizard.
You kill the frilled lizard!
Your foxfire dissipates!
A goblin comes into view. It is wielding a +0 club.
The goblin shouts!
A goblin is nearby!
A goblin is nearby!
A goblin is nearby!
Casting: Foxfire (safe; 10% risk of failure)
Confirm with . or Enter, or press ? or * to list all spells.
You conjure some foxfire!
The goblin closely misses you.
The foxfire hits the goblin.
The goblin is severely wounded.
The foxfire hits the goblin.
You kill the goblin!
Things that are here:
a +0 club; a goblin corpse
Found a whip.
You see here a +0 whip.
There is a stone staircase leading down here.
There is an open door here.
You enter the shallow water.
Moving in this stuff is going to be slow.
You open the door.
There is an open door here.
A goblin comes into view.
It is wielding a +1 dagger of electrocution.
A goblin is nearby!
You see here a scroll labelled XULOLUESEN.
The goblin shouts!
You hear a shout! x2
A hobgoblin comes into view.
A giant cockroach comes into view.
Found 10 gold pieces and a scroll labelled ROCSOC OMIU.
The goblin hits you with a +1 dagger of electrocution.
You are electrocuted!!
Ouch! That really hurt!
You die...

?. . B##
..# # #.#g#
#.###.#.#
#$..g...#
##@# #..#
#.## #?#
#.# #.#
#########
#.#
#.......#
#.#
###.#####.#
#.#


You could see a giant cockroach, a hobgoblin and a goblin.

Vanquished Creatures
  A goblin (D:1)
  A frilled lizard (D:1)
  A rat (D:1)
3 creatures vanquished.

Vanquished Creatures (others)
  6 foxfires (D:1)
6 creatures vanquished.

Grand Total: 9 creatures vanquished

Notes
Turn   | Place    | Note
-------+----------+-------------------------------------------
     0 | D:1      | hawla the Felid Fire Elementalist began the quest for the
                  | Orb.
     0 | D:1      | Reached XP level 1. HP: 7/7 MP: 4/4
   197 | D:1      | Demolished by a goblin

Illustrated notes

Levels and vault maps discovered:
D:1:      ncdulo_wetmaze, layout_loops_cross

Action                   || total
-------------------------++-------
 Cast: Foxfire           ||     3
Dodge: Dodged            ||     1
